 Dungeon Crawl Stone Soup version 0.17-a0-2073-gde5cdba (webtiles) character file.

2218 tp1 the Infuser (level 9, 0/48 HPs)
             Began as a Deep Elf Conjurer on Oct 14, 2015.
             Was a Follower of Vehumet.
             Slain by a killer bee (7 damage)
             ... on level 7 of the Dungeon.
             The game lasted 01:01:55 (9643 turns).

tp1 the Infuser (Deep Elf Conjurer)                 Turns: 9643, Time: 01:01:57

Health: 0/48       AC:  3    Str:  5    XL:     9   Next: 13%
Magic:  5/20       EV: 13    Int: 24    God:    Vehumet [*.....]
Gold:   180        SH:  0    Dex: 15    Spells: 4 memorised, 9 levels left

rFire  . . .     SeeInvis .     B - +1 short sword
rCold  . . .     Clarity  .     u - +0 leather armour
rNeg   . . .     SustAt   .     (no shield)
rPois  .         Gourm    .     (no helmet)
rElec  .         Spirit   .     (no cloak)
rCorr  .         Warding  .     (no gloves)
rMut   .         Stasis   .     (no boots)
MR     .....                    (no amulet)
Stlth  +++.......               (no ring)
                                (no ring)

@: lethally poisoned (0 -> -5), not resistant to hostile enchantments, fairly
stealthy
A: no striking features
a: Renounce Religion


You were on level 7 of the Dungeon.
You worshipped Vehumet.
Vehumet was aware of your devotion.
You were not hungry.

You visited 2 branches of the dungeon, and saw 8 of its levels.
You also visited: Ossuary.

You collected 276 gold pieces.
You spent 96 gold pieces at shops.

Inventory:

Hand Weapons
 B - a +1 short sword (weapon)
Missiles
 v - 27 sling bullets of flame
Armour
 a - a +0 robe
 u - a +0 leather armour (worn)
Rods
 y - a +0 rod of inaccuracy (9/9)
   (You found it on level 6 of the Dungeon)
Scrolls
 h - a scroll of noise
 i - a scroll of fear
 l - 2 scrolls of immolation
 o - 2 scrolls of remove curse
 p - 2 scrolls of blinking
 s - 6 scrolls of identify
 w - 3 scrolls of teleportation
 x - a scroll of magic mapping
 E - 4 scrolls of random uselessness
Potions
 e - a potion of brilliance
 g - a potion of berserk rage
 j - 2 potions of haste
 k - 7 potions of curing
 m - 5 potions of flight
 n - 5 potions of might
 q - a potion of ambrosia {unknown}
 r - 2 potions of invisibility {unknown}
 t - a potion of agility {unknown}
 z - 3 potions of poison {unknown}
 C - a potion of magic {unknown}
 D - 4 potions of degeneration {unknown}
 G - 2 potions of mutation {unknown}
 H - 3 potions of lignification
 I - 2 potions of heal wounds
Books
 b - a book of Conjurations

   Spells                             Type                      Level
   a - Magic Dart                     Conjuration                  1
   b - Searing Ray                    Conjuration                  2
   c - Dazzling Spray                 Conjuration/Hexes            3
   d - Fulminant Prism                Conjuration/Hexes            4
   e - Iskenderun's Mystic Blast      Conjuration                  4
   f - Iskenderun's Battlesphere      Conjuration/Charms           5
Comestibles
 c - 2 bread rations
 d - 4 beef jerkies
 f - a royal jelly
 A - 4 meat rations
 F - 10 chunks of flesh
 J - 7 slices of pizza


   Skills:
 - Level 2.0 Fighting
 - Level 3.2 Short Blades
 - Level 2.0 Armour
 - Level 4.1 Dodging
 + Level 6.6 Stealth
 - Level 6.0 Spellcasting
 - Level 8.0 Conjurations
 - Level 8.2 Charms


You had 9 spell levels left.
You knew the following spells:

 Your Spells              Type           Power        Failure   Level  Hunger
a - Magic Dart            Conj           ####         1%          1    None
b - Dazzling Spray        Conj/Hex       ####....     10%         3    #......
c - Searing Ray           Conj           #####.       1%          2    None
d - Iskenderun's Battles  Conj/Chrm      #####...     14%         5    #####..


Dungeon Overview and Level Annotations

Branches:
Dungeon (7/15)             Temple (1/1) D:6

Altars:
Cheibriados
Dithmenos
Elyvilon
Gozag
Kikubaaqudgha
Makhleb
Okawaru
Ru
Trog
Vehumet
Xom
Yredelemnul
Zin
The Shining One

Shops:
D:7 !

Annotations:
D:3 1 exclusion


Message History

You feel sick.
The killer bee buzzes angrily.
The killer bee completely misses you. The killer bee closely misses you.
The killer bee stings you but does no damage.
The killer bee misses you.
There is an open door here.
The killer bee barely misses you.
The killer bee stings you but does no damage.
The killer bee misses you. The killer bee stings you!
You feel sick. The killer bee stings you. The killer bee barely misses you.
The killer bee stings you! The killer bee closely misses you.
You see here a sheep skeleton.
Drink which item? (? for menu, Esc to quit)
You feel better. The killer bee barely misses you. The killer bee stings you.
The killer bee stings you. The killer bee barely misses you.
The killer bee stings you!
* * * LOW HITPOINT WARNING * * *
You are poisoned.
The killer bee poisons you! The killer bee stings you!
You die...

..#)....#..#%.#.......(.##.######
###..#.)#..#..#..........#.......
###..#..#..'..#...........#######
........#..#..#...........#
#..##...#..#.(#...........#
..###...#####'#..)........#
#.........................#
##..###......))y.........## ####
#)#....#yy@(......##
.≈#####.#.#<.#.y...######
≈.....)......###..(## ######
≈.#..........####...######....##
#...........# #.#.....#......##
#...........###.#####.........#
##.<............######........#
##.#####...##..<...###......## #.
##...#..###.........##


You could see 4 killer bees.

Vanquished Creatures
  A yak (D:7)
  A human (D:7)
  A black bear (D:4)
  A phantom (D:4)
  An ice beast (D:5)
  An ogre (D:5)
  A sky beast (D:7)
  A centaur (D:7)
  A giant frog (D:7)
  A gnoll sergeant (D:5)
  2 scorpions (D:5)
  5 wights (D:6)
  2 crimson imps
  3 orc wizards
  A giant frog zombie (D:6)
  2 centaur zombies
  3 jellies
  3 orc priests (D:7)
  An iguana (D:5)
  3 worker ants (D:5)
  3 hounds
  3 sheep (D:7)
  3 big kobold zombies (Ossuary)
  2 mummies (Ossuary)
  9 adders
  5 gnolls (D:5)
  An ooze (D:2)
  2 adder skeletons (D:4)
  16 orcs
  2 ball pythons
  10 bats
  7 giant cockroaches
  4 hobgoblins
  7 jackals
  12 kobolds
  5 quokkas
  4 giant geckos
  A giant gecko zombie (D:5)
  5 giant newts
  4 goblins
  A goblin zombie (D:7)
  2 hobgoblin zombies (Ossuary)
  A kobold zombie (Ossuary)
  An orc zombie (Ossuary)
  A quokka zombie (D:7)
  3 rats
149 creatures vanquished.

Notes
Turn   | Place    | Note
--------------------------------------------------------------
     0 | D:1      | tp1 the Deep Elf Conjurer began the quest for the Orb.
     0 | D:1      | Reached XP level 1. HP: 10/10 MP: 6/6
     6 | D:1      | Noticed a komodo dragon
     6 | D:1      | Noticed a black bear
     6 | D:1      | Noticed a hound
     7 | D:1      | Noticed a killer bee
     9 | D:1      | Noticed a swamp worm
  1045 | D:1      | Reached XP level 2. HP: 15/15 MP: 4/8
  1473 | D:2      | Reached XP level 3. HP: 7/19 MP: 6/9
  1985 | D:2      | Reached skill level 1 in Short Blades
  3013 | D:3      | Reached skill level 1 in Fighting
  3205 | D:3      | Reached XP level 4. HP: 25/25 MP: 6/11
  3469 | D:3      | Found a glowing golden altar of the Shining One.
  4014 | D:3      | Found a glowing golden altar of the Shining One.
  4312 | D:4      | Noticed a phantom
  4317 | D:4      | Learned a level 3 spell: Dazzling Spray
  4366 | D:4      | Killed a phantom
  4366 | D:4      | Reached skill level 5 in Spellcasting
  4366 | D:4      | Reached XP level 5. HP: 13/29 MP: 1/15
  4370 | D:4      | Learned a level 2 spell: Searing Ray
  4376 | D:4      | Learned a level 5 spell: Iskenderun's Battlesphere
  4650 | D:4      | Reached skill level 6 in Spellcasting
  4656 | D:4      | Noticed a black bear
  4785 | D:4      | Reached skill level 1 in Charms
  5049 | D:4      | Killed a black bear
  5049 | D:4      | Reached XP level 6. HP: 10/34 MP: 9/17
  5533 | D:5      | Entered Level 5 of the Dungeon
  5710 | D:4      | Reached skill level 5 in Charms
  5738 | D:5      | Reached skill level 5 in Conjurations
  5777 | D:5      | Reached XP level 7. HP: 25/38 MP: 0/18
  6634 | D:5      | Reached skill level 7 in Charms
  7847 | D:5      | Reached XP level 8. HP: 43/43 MP: 10/19
  8390 | D:6      | Found a staircase to the Ecumenical Temple.
  8400 | Temple   | Entered the Ecumenical Temple
  8427 | Temple   | Became a worshipper of Vehumet
  8485 | D:6      | Reached skill level 8 in Conjurations
  8846 | D:7      | Reached skill level 1 in Armour
  9084 | D:7      | Found Welylei's Distillery.
  9089 | D:7      | Found a sand-covered staircase.
  9097 | Ossuary  | Entered an ossuary
  9273 | Ossuary  | Identified a +0 rod of inaccuracy (9/9) (You found it on level 6 of the Dungeon)
  9389 | Ossuary  | Reached * piety under Vehumet
  9389 | Ossuary  | Offered knowledge of Flame Tongue by Vehumet.
  9491 | D:7      | Bought a potion of curing for 36 gold pieces
  9491 | D:7      | Bought a potion of heal wounds for 60 gold pieces
  9540 | D:7      | Found a shimmering altar of Xom.
  9566 | D:7      | Found a shimmering altar of Xom.
  9591 | D:7      | Reached skill level 5 in Stealth
  9591 | D:7      | Reached XP level 9. HP: 48/48 MP: 11/20
  9643 | D:7      | Slain by a killer bee

Vault maps used:
D:1:      onia_arrival_zoo_common
D:2:      minmay_liquid_box
D:3:      tso_altar, serial_bayou_lake_a
D:5:      first_bread, portal_sewer_entry_f
D:6:      minmay_temple_entry_trees
D:7:      xom_redecorated, nicolae_overflow_hidden_temple, basic_altar,
          enter_ossuary_4, serial_shops, shop, kennysheep_nub, grunt_livestock,
          minmay_door_square
Temple:   triangle_lava_temple_12
Ossuary:  ossuary_crypta

Action                   |  1- 3 |  4- 6 |  7- 9 || total
-------------------------+-------+-------+-------++-------
Melee: Short sword       |    19 |    23 |    10 ||    52
 Cast: Magic Dart        |    76 |    90 |   165 ||   331
       Dazzling Spray    |       |     3 |       ||     3
       Searing Ray       |       |     5 |    37 ||    42
       Iskenderun's Batt |       |       |    19 ||    19
  Use: Potion            |     3 |     7 |     4 ||    14
       Scroll            |       |       |    10 ||    10
 Stab: Sleeping          |     2 |       |     1 ||     3
       Distracted        |       |     1 |       ||     1
       Invisible         |       |     1 |       ||     1
  Eat: Chunk             |     7 |     8 |     9 ||    24
       Bread ration      |       |       |     1 ||     1
       Meat ration       |       |       |     1 ||     1
